| TOP OF THE 1ST |
|
Lake County Captains batting - Pitching for West Michigan Whitecaps : RHP Adam Oyler
|
|
Pitching: RHP Adam Oyler
|
|
|
Batting: RHB Patrick Pinault
|
0-0: Called Strike 0-1: Swinging Strike 0-2: Ball 1-2: Strikes out swinging
|
|
Batting: RHB Josh Patterson
|
0-0: SINGLE (Groundball, 6D, EV 102.5 MPH)
|
|
Batting: LHB Esteban Cordova
|
0-0: Ball 1-0: Called Strike 1-1: Foul Ball, location: 2F 1-2: Ball 2-2: Strikes out swinging
|
|
Batting: LHB Jeff Palmowski
|
0-0: Ball Josh Patterson steals 2nd, throwing error, E2 Josh Patterson to third 1-0: Called Strike 1-1: Swinging Strike 1-2: Ball 2-2: Strikes out swinging
|
| Top of the 1st over - 0 runs, 1 hit, 1 error, 1 left on base; Lake County 0 - West Michigan 0 |
| BOTTOM OF THE 1ST |
|
West Michigan Whitecaps batting - Pitching for Lake County Captains : RHP Tom Frost
|
|
Pitching: RHP Tom Frost
|
|
|
Batting: LHB Timotheus Young
|
0-0: Ball 1-0: Ball 2-0: Called Strike 2-1: Fly out, F8 (Flyball, 8RD, EV 106.2 MPH)
|
|
Batting: RHB Yankel Pensak
|
0-0: SINGLE (Groundball, 4MS, EV 68.8 MPH) (infield hit)
|
|
Batting: RHB Eric Angelle
|
0-0: Ball 1-0: Ball Yankel Pensak is caught stealing 2nd base 2-4 2-0: Ball 3-0: Foul Ball, location: 2F 3-1: Base on Balls
|
|
Batting: LHB George Moran
|
0-0: Called Strike Eric Angelle steals 2nd base 0-1: Fly out, F8 (Flyball, 8LXD, EV 106.2 MPH)
|
| Bottom of the 1st over - 0 runs, 1 hit, 0 errors, 1 left on base; Lake County 0 - West Michigan 0 |
| TOP OF THE 2ND |
|
Lake County Captains batting - Pitching for West Michigan Whitecaps : RHP Adam Oyler
|
|
Batting: RHB Jose Valtierra
|
0-0: Ball 1-0: Foul Ball, location: 2F 1-1: Swinging Strike 1-2: Strikes out swinging, 2-3 out at first.
|
|
Batting: RHB Eric Kuck
|
0-0: Called Strike 0-1: Ball 1-1: Foul Ball, location: 2F 1-2: Strikes out swinging
|
|
Batting: RHB Steve Gusman
|
0-0: Swinging Strike 0-1: Called Strike 0-2: Ball 1-2: Strikes out swinging
|
| Top of the 2nd over - 0 runs, 0 hits, 0 errors, 0 left on base; Lake County 0 - West Michigan 0 |
| BOTTOM OF THE 2ND |
|
West Michigan Whitecaps batting - Pitching for Lake County Captains : RHP Tom Frost
|
|
Batting: LHB Nick Swank
|
0-0: Foul Ball, location: 2F 0-1: Ball 1-1: Ball 2-1: Swinging Strike 2-2: Strikes out swinging
|
|
Batting: RHB Aaron Cusick
|
0-0: Foul Ball, location: 2F 0-1: Fly out, F7 (Flyball, 7S, EV 88.8 MPH)
|
|
Batting: RHB Kevin Steed
|
0-0: Ball 1-0: Ground out 5-3 (Groundball, 5, EV 80.0 MPH)
|
| Bottom of the 2nd over - 0 runs, 0 hits, 0 errors, 0 left on base; Lake County 0 - West Michigan 0 |
| TOP OF THE 3RD |
|
Lake County Captains batting - Pitching for West Michigan Whitecaps : RHP Adam Oyler
|
|
Batting: RHB Tony Gonzales
|
0-0: Ground out 4-3 (Groundball, 4S, EV 87.5 MPH)
|
|
Batting: RHB Juan Ordonez
|
0-0: Ball 1-0: Ball 2-0: Called Strike 2-1: Swinging Strike 2-2: Ball 3-2: Strikes out swinging
|
|
Batting: RHB Patrick Pinault
|
0-0: Called Strike 0-1: Ball 1-1: Fly out, F8 (Flyball, 8LD, EV 84.4 MPH)
|
| Top of the 3rd over - 0 runs, 0 hits, 0 errors, 0 left on base; Lake County 0 - West Michigan 0 |
| BOTTOM OF THE 3RD |
|
West Michigan Whitecaps batting - Pitching for Lake County Captains : RHP Tom Frost
|
|
Batting: SHB Ian Arlotta
|
0-0: Ball 1-0: Swinging Strike 1-1: Called Strike 1-2: Strikes out looking
|
|
Batting: RHB Jordan Hall
|
0-0: Called Strike 0-1: Foul Ball, location: 2F 0-2: Strikes out swinging
|
|
Batting: LHB Timotheus Young
|
0-0: Called Strike 0-1: Ball 1-1: Called Strike 1-2: Strikes out swinging
|
| Bottom of the 3rd over - 0 runs, 0 hits, 0 errors, 0 left on base; Lake County 0 - West Michigan 0 |
| TOP OF THE 4TH |
|
Lake County Captains batting - Pitching for West Michigan Whitecaps : RHP Adam Oyler
|
|
Batting: RHB Josh Patterson
|
0-0: Ball 1-0: Ball 2-0: Ball 3-0: Called Strike 3-1: Base on Balls
|
|
Batting: LHB Esteban Cordova
|
0-0: Called Strike 0-1: Ball Josh Patterson steals 2nd base 1-1: Foul Ball, location: 2F 1-2: Ground out 5-3 (Groundball, 56, EV 81.9 MPH)
|
|
Batting: LHB Jeff Palmowski
|
0-0: Ball 1-0: Ball 2-0: Called Strike 2-1: Swinging Strike 2-2: Ball 3-2: Base on Balls
|
|
Batting: RHB Jose Valtierra
|
0-0: Foul Ball, location: 2F 0-1: Foul Ball, location: 2F 0-2: Ball 1-2: Ball 2-2: Foul Ball, location: 2F 2-2: Ball 3-2: Foul Ball, location: 2F 3-2: Foul Ball, location: 2F 3-2: SINGLE (Groundball, 4MD, EV 94.4 MPH) Josh Patterson to third Jeff Palmowski to second Runner from 3rd tries for Home, SAFE, throw by CF to home
|
|
Batting: RHB Eric Kuck
|
0-0: Ball 1-0: Ball 2-0: Foul Ball, location: 2F 2-1: Ball 3-1: Base on Balls Jeff Palmowski to third Jose Valtierra to second
|
|
Batting: RHB Steve Gusman
|
0-0: Called Strike 0-1: Ball 1-1: Swinging Strike 1-2: Foul Ball, location: 2F 1-2: SINGLE (Groundball, 4MD, EV 98.8 MPH) Jeff Palmowski scores Jose Valtierra to third Eric Kuck to second
|
|
Batting: RHB Tony Gonzales
|
0-0: SINGLE (Groundball, 56D, EV 86.9 MPH) (infield hit) Jose Valtierra scores Eric Kuck to third Steve Gusman to second
|
|
Batting: RHB Juan Ordonez
|
0-0: Foul Ball, location: 2F 0-1: Ball 1-1: Ball 2-1: Foul Ball, location: 2F 2-2: Ball 3-2: Fly out, F8 (Flyball, 8LD, EV 103.8 MPH) Runner from 3rd tags up, OUT at HOME! 8-2
|
| Top of the 4th over - 3 runs, 3 hits, 0 errors, 2 left on base; Lake County 3 - West Michigan 0 |
| BOTTOM OF THE 4TH |
|
West Michigan Whitecaps batting - Pitching for Lake County Captains : RHP Tom Frost
|
|
Batting: RHB Yankel Pensak
|
0-0: Called Strike 0-1: Ball 1-1: Fly out, F7 (Flyball, 78M, EV 95.6 MPH)
|
|
Batting: RHB Eric Angelle
|
0-0: Ground out 4-3 (Groundball, 4, EV 81.9 MPH)
|
|
Batting: LHB George Moran
|
0-0: Ball 1-0: Ball 2-0: Foul Ball, location: 2F 2-1: Foul Ball, location: 2F 2-2: Strikes out swinging
|
| Bottom of the 4th over - 0 runs, 0 hits, 0 errors, 0 left on base; Lake County 3 - West Michigan 0 |
| TOP OF THE 5TH |
|
Lake County Captains batting - Pitching for West Michigan Whitecaps : RHP Adam Oyler
|
|
Batting: RHB Patrick Pinault
|
0-0: Ball 1-0: Ball 2-0: Called Strike 2-1: Ball 3-1: Called Strike 3-2: Foul Ball, location: 2F 3-2: Strikes out swinging
|
|
Batting: RHB Josh Patterson
|
0-0: Ball 1-0: Ball 2-0: Ball 3-0: Base on Balls
|
|
Batting: LHB Esteban Cordova
|
0-0: Fielders Choice at 2nd, 3-6 (Groundball, 3D, EV 86.9 MPH)
|
|
Pitching: RHP Juan Murillo
|
|
|
Batting: LHB Jeff Palmowski
|
0-0: Ball 1-0: Swinging Strike 1-1: Swinging Strike 1-2: Strikes out swinging
|
| Top of the 5th over - 0 runs, 0 hits, 0 errors, 1 left on base; Lake County 3 - West Michigan 0 |
| BOTTOM OF THE 5TH |
|
West Michigan Whitecaps batting - Pitching for Lake County Captains : RHP Tom Frost
|
|
Batting: LHB Nick Swank
|
0-0: Ball 1-0: Called Strike 1-1: Ground out U3 (Groundball, 3, EV 80.6 MPH)
|
|
Batting: RHB Aaron Cusick
|
0-0: Ball 1-0: Foul Ball, location: 2F 1-1: Ball 2-1: Ball 3-1: Swinging Strike 3-2: Foul Ball, location: 2F 3-2: Ground out U3 (Groundball, 34S, EV 86.2 MPH)
|
|
Batting: RHB Kevin Steed
|
0-0: Ball 1-0: Ball 2-0: Ground out 3-1 (Groundball, 34, EV 103.8 MPH)
|
| Bottom of the 5th over - 0 runs, 0 hits, 0 errors, 0 left on base; Lake County 3 - West Michigan 0 |
| TOP OF THE 6TH |
|
Lake County Captains batting - Pitching for West Michigan Whitecaps : RHP Juan Murillo
|
|
Batting: RHB Jose Valtierra
|
0-0: Ground out 4-3 (Groundball, 4, EV 88.8 MPH)
|
|
Batting: RHB Eric Kuck
|
0-0: Ball 1-0: Ball 2-0: Ball 3-0: Called Strike 3-1: Swinging Strike 3-2: Foul Ball, location: 2F 3-2: Foul Ball, location: 2F 3-2: Foul Ball, location: 2F 3-2: Foul Ball, location: 2F 3-2: Foul Ball, location: 2F 3-2: Base on Balls
|
|
Batting: RHB Steve Gusman
|
0-0: Swinging Strike 0-1: Ball 1-1: Foul Ball, location: 2F 1-2: Ball 2-2: Foul Ball, location: 2F 2-2: Strikes out swinging
|
|
Batting: RHB Tony Gonzales
|
0-0: Ball 1-0: Ball 2-0: Foul Ball, location: 2F 2-1: Called Strike 2-2: Foul Ball, location: 2F 2-2: Strikes out looking
|
| Top of the 6th over - 0 runs, 0 hits, 0 errors, 1 left on base; Lake County 3 - West Michigan 0 |
| BOTTOM OF THE 6TH |
|
West Michigan Whitecaps batting - Pitching for Lake County Captains : RHP Tom Frost
|
|
Batting: SHB Ian Arlotta
|
0-0: Called Strike 0-1: Ball 1-1: Ball 2-1: Called Strike 2-2: Ball 3-2: SINGLE (Groundball, 25, EV 71.2 MPH) (infield hit)
|
|
Batting: RHB Jordan Hall
|
0-0: Called Strike Ian Arlotta steals 2nd base (no throw) 0-1: Swinging Strike 0-2: Strikes out swinging
|
|
Batting: LHB Timotheus Young
|
0-0: Ball 1-0: Ball 2-0: Ball 3-0: Swinging Strike 3-1: Base on Balls
|
|
Batting: RHB Yankel Pensak
|
0-0: Ball 1-0: Called Strike 1-1: Ball 2-1: Fly out, F7 (Flyball, 7, EV 82.5 MPH)
|
|
Batting: RHB Eric Angelle
|
0-0: Foul Ball, location: 2F 0-1: Ball 1-1: Foul Ball, location: 2F 1-2: Ball 2-2: Strikes out swinging
|
| Bottom of the 6th over - 0 runs, 1 hit, 0 errors, 2 left on base; Lake County 3 - West Michigan 0 |
| TOP OF THE 7TH |
|
Lake County Captains batting - Pitching for West Michigan Whitecaps : RHP Juan Murillo
|
|
Pitching: RHP Juan Cornejo
|
|
|
Batting: RHB Juan Ordonez
|
0-0: Called Strike 0-1: Ball 1-1: Fly out, F8 (Flyball, 8RXD, EV 101.9 MPH)
|
|
Batting: RHB Patrick Pinault
|
0-0: Ball 1-0: Foul Ball, location: 2F 1-1: Ball 2-1: Ball 3-1: Foul Ball, location: 2F 3-2: Strikes out looking
|
|
Batting: RHB Josh Patterson
|
0-0: Called Strike 0-1: Ball 1-1: Called Strike 1-2: Ball 2-2: SINGLE (Groundball, 23, EV 65.6 MPH) (infield hit)
|
|
Batting: LHB Esteban Cordova
|
0-0: Ball 1-0: Foul Ball, location: 2F 1-1: Ball 2-1: Foul Ball, location: 2F 2-2: Foul Ball, location: 2F 2-2: Ground out 4-3 (Groundball, 4, EV 76.9 MPH)
|
| Top of the 7th over - 0 runs, 1 hit, 0 errors, 1 left on base; Lake County 3 - West Michigan 0 |
| BOTTOM OF THE 7TH |
|
West Michigan Whitecaps batting - Pitching for Lake County Captains : RHP Tom Frost
|
|
Batting: LHB George Moran
|
0-0: Ball 1-0: Ball 2-0: Called Strike 2-1: DOUBLE (Groundball, 3L, EV 95.0 MPH)
|
|
Batting: LHB Nick Swank
|
0-0: Ball 1-0: DOUBLE (Groundball, 3D, EV 98.1 MPH) George Moran scores
|
|
Batting: RHB Aaron Cusick
|
0-0: Ball 1-0: Swinging Strike 1-1: Ball 2-1: Ball 3-1: Swinging Strike 3-2: Ground out 5-3 (Groundball, 5, EV 93.1 MPH)
|
|
Batting: RHB Kevin Steed
|
0-0: Called Strike 0-1: Foul Ball, location: 2F 0-2: Ball 1-2: Fly out, F9 (Flyball, 89M, EV 91.9 MPH)
|
|
Batting: SHB Ian Arlotta
|
0-0: Called Strike 0-1: Ball 1-1: SINGLE (Line Drive, 89S, EV 100.0 MPH) Nick Swank to third
|
|
Pinch Hitting: LHB Brad Gaskill
|
0-0: Called Strike 0-1: Called Strike 0-2: Strikes out swinging
|
| Bottom of the 7th over - 1 run, 3 hits, 0 errors, 2 left on base; Lake County 3 - West Michigan 1 |
| TOP OF THE 8TH |
|
Lake County Captains batting - Pitching for West Michigan Whitecaps : RHP Juan Cornejo
|
|
Pitching: RHP Chris Kimura
|
|
|
Now at 3B: Zack DiCicco
|
|
|
Batting: LHB Jeff Palmowski
|
0-0: Ground out U3 (Groundball, 3, EV 84.4 MPH)
|
|
Batting: RHB Jose Valtierra
|
0-0: Ball 1-0: Ball 2-0: Foul Ball, location: 2F 2-1: Foul Ball, location: 2F 2-2: Foul Ball, location: 2F 2-2: SINGLE (Groundball, 6MD, EV 94.4 MPH)
|
|
Batting: RHB Eric Kuck
|
0-0: Fly out, F7 (Flyball, 78S, EV 91.9 MPH)
|
|
Batting: RHB Steve Gusman
|
0-0: Swinging Strike 0-1: Foul Ball, location: 2F 0-2: Ball 1-2: Fly out, F9 (Flyball, 9S, EV 80.0 MPH)
|
| Top of the 8th over - 0 runs, 1 hit, 0 errors, 1 left on base; Lake County 3 - West Michigan 1 |
| BOTTOM OF THE 8TH |
|
West Michigan Whitecaps batting - Pitching for Lake County Captains : RHP Tom Frost
|
|
Batting: LHB Timotheus Young
|
0-0: Called Strike 0-1: Called Strike 0-2: Foul Ball, location: 2F 0-2: Hit by Pitch
|
|
Pitching: RHP Dantae Elizondo
|
|
|
Batting: RHB Yankel Pensak
|
0-0: Ball 1-0: Ball 2-0: Fielders Choice at 2nd, 4-6 (Groundball, 4M, EV 108.1 MPH)
|
|
Batting: RHB Eric Angelle
|
0-0: Ball 1-0: Swinging Strike 1-1: Ball 2-1: Foul Ball, location: 2F 2-2: Foul Ball, location: 2F 2-2: SINGLE (Groundball, 56S, EV 68.1 MPH) (infield hit) Yankel Pensak to second
|
|
Batting: LHB George Moran
|
0-0: Ball 1-0: Ball 2-0: Called Strike 2-1: Foul Ball, location: 2F 2-2: Ball 3-2: Foul Ball, location: 2F 3-2: Strikes out looking
|
|
Batting: LHB Nick Swank
|
0-0: Called Strike 0-1: Fly out, F6 (Popup, 6MD, EV 60.6 MPH)
|
| Bottom of the 8th over - 0 runs, 1 hit, 0 errors, 2 left on base; Lake County 3 - West Michigan 1 |
| TOP OF THE 9TH |
|
Lake County Captains batting - Pitching for West Michigan Whitecaps : RHP Chris Kimura
|
|
Batting: RHB Tony Gonzales
|
0-0: Ball 1-0: Ball 2-0: Ball 3-0: Called Strike 3-1: Base on Balls
|
|
Batting: RHB Juan Ordonez
|
0-0: Bunted foul 0-1: Bunt missed! 0-2: Ball 1-2: Foul Ball, location: 2F 1-2: Ball 2-2: Ball 3-2: Base on Balls Tony Gonzales to second
|
|
Batting: RHB Patrick Pinault
|
0-0: Sac Bunt to P - play at first, batter OUT! 1-3 Tony Gonzales to third Juan Ordonez to second
|
|
Batting: RHB Josh Patterson
|
0-0: Called Strike 0-1: SINGLE (Groundball, 6, EV 98.1 MPH) Tony Gonzales scores Juan Ordonez to third Runner from 3rd tries for Home, SAFE, throw by CF to home
|
|
Batting: LHB Esteban Cordova
|
0-0: Called Strike 0-1: Ball 1-1: Ball 2-1: Ball 3-1: Grounds into double play, 4-6-3 (Groundball, 4, EV 101.9 MPH)
|
| Top of the 9th over - 2 runs, 1 hit, 0 errors, 0 left on base; Lake County 5 - West Michigan 1 |
| BOTTOM OF THE 9TH |
|
West Michigan Whitecaps batting - Pitching for Lake County Captains : RHP Dantae Elizondo
|
|
Batting: RHB Aaron Cusick
|
0-0: Called Strike 0-1: Fly out, F6 (Popup, 6MS, EV 83.8 MPH)
|
|
Batting: RHB Kevin Steed
|
0-0: Called Strike 0-1: Ball 1-1: Called Strike 1-2: Ball 2-2: Foul Ball, location: 2F 2-2: Ground out 4-3 (Groundball, 4, EV 86.9 MPH)
|
|
Batting: SHB Ian Arlotta
|
0-0: Ball 1-0: Swinging Strike 1-1: Ball 2-1: Reached on error, E3 (Groundball, 34, EV 76.9 MPH)
|
|
Batting: RHB Zack DiCicco
|
0-0: Foul Ball, location: 2F 0-1: Fly out, F9 (Flyball, 8RM, EV 87.5 MPH)
|
| Bottom of the 9th over - 0 runs, 0 hits, 1 error, 1 left on base; Lake County 5 - West Michigan 1 |
|